[Event "Late-Titled-Tuesday-Blitz-January-16-2024"]
[Site "Chess.com"]
[Date "2024.01.16"]
[Round "8"]
[White "GMCorinnaKopff"]
[Black "nfds"]
[Result "0-1"]
[WhiteElo "2331"]
[BlackElo "2490"]
[TimeControl "180+1"]
[EndTime "15:27:56 PST"]
[Termination "nfds won by checkmate"]

1. e4 g6 2. d4 Bg7 3. Nc3 c5 4. Be3 Nc6 5. Nge2 cxd4 6. Nxd4 Nf6 7. f3 O-O 8. Qd2 d5 9. O-O-O dxe4 10. Qe1 Bd7 11.
fxe4 Qc7 12. Nd5 Qe5 13. Bf4 Qh5 14. Nxc6 Nxd5 15. Rxd5 Qg4 16. Nxe7+ Kh8 17. Qg3 Qe6 18. Bd6 Rfe8 19. Bc4 Rxe7 20. Bxe7 Qxe7 21. Qd6 Qxe4 22.
Qxd7 Qxc4 23. Qxf7 Rf8 24. Qe6 Bh6+ 25. Kd1 Qxa2 26. Re1 Qb1+ 27. Ke2 Qxc2+ 28. Rd2 Qxd2# 0-1

[Event "Late-Titled-Tuesday-Blitz-January-16-2024"]
[Site "Chess.com"]
[Date "2024.01.16"]
[Round "8"]
[White "MrChessSponge"]
[Black "Ticondriul"]
[Result "0-1"]
[WhiteElo "2546"]
[BlackElo "2725"]
[TimeControl "180+1"]
[EndTime "15:27:57 PST"]
[Termination "Ticondriul won by resignation"]

1. Nf3 Nc6 2. d4 d5 3. c4 Bg4 4. Nc3 Nf6 5. cxd5 Nxd5 6. e4 Nxc3 7. bxc3 e6 8. Rb1 Rb8 9. Bb5 a6 10. Bxc6+ bxc6 11. Rxb8 Qxb8 12. O-O Be7 13. Bf4 O-O 14. Qd3 c5 15. Rb1 Qe8 16. Ne5 Bh5 17. Qxa6 cxd4 18. cxd4 Bd6 19. Bg3 Qa8 20. Qc4 Qxe4 21. Rc1 Ba3 22.
Rf1 Be2 23. Re1 Bxc4 24. Rxe4 Bxa2 25. Re1 Bd5 26. Nd7 Rd8 27. Ne5 f6 28. Nd3 c6 29.
Nf4 Kf7 30. f3 Bb2 31. Bf2 g5 32. Nd3 Bc3 33. Rc1 Ba5 34. Ra1 Bb6 35. Ra6 Bxd4 36.
Bxd4 Bc4 37. Ra7+ Kg6 38. Bxf6 Rxd3 39. Be5 h5 40. Rg7+ Kf5 41. Bc7 h4 42. h3 Rd1+ 43.
Kh2 Rd2 44. Rf7+ Kg6 45. Re7 Kf6 46. Re8 Bf1 47. Bd8+ Kf7 48. Rh8 Rxg2+ 49. Kh1 Rg3 50. Rh5 Bxh3 51. Rxg5 Rxf3 52. Rh5 Rd3 53. Bxh4 Bg4 54.
Rg5 Rh3+ 0-1

[Event "Late-Titled-Tuesday-Blitz-January-16-2024"]
[Site "Chess.com"]
[Date "2024.01.16"]
[Round "8"]
[White "cthulhuuu"]
[Black "Hirna2005"]
[Result "1-0"]
[WhiteElo "2446"]
[BlackElo "2268"]
[TimeControl "180+1"]
[EndTime "15:27:57 PST"]
[Termination "cthulhuuu won by resignation"]

1. e4 g6 2. d4 Bg7 3. Nc3 d6 4.
f4 a6 5. Nf3 b5 6. Be2 Bb7 7.
a3 Nf6 8. e5 Nd5 9. Nxd5 Bxd5 10. O-O O-O 11. Be3 Nd7 12. b3 Nb6 13. Rc1 Bb7 14.
c4 c6 15. a4 Rc8 16. axb5 axb5 17. cxb5 Nd5 18. Bd2 dxe5 19. fxe5 cxb5 20. Bxb5 Qb6 21.
Bc4 e6 22. Kh1 Rfd8 23. Qe1 Rd7 24. Qh4 Bf8 25. Ng5 h6 26. Ne4 g5 27. Bxg5 hxg5 28. Qxg5+ Bg7 29. Bxd5 Rxc1 30. Nf6+ Kf8 31. Nxd7+ Ke8 32.
Rxc1 Kxd7 33. Bxb7 Qxb7 34. Qxg7 Ke8 35. Qg8+ Ke7 36. Rc8 Qb6 37. Qf8+ 1-0

[Event "Late-Titled-Tuesday-Blitz-January-16-2024"]
[Site "Chess.com"]
[Date "2024.01.16"]
[Round "8"]
[White "mightysmasher"]
[Black "tolimachess"]
[Result "1-0"]
[WhiteElo "2570"]
[BlackElo "2444"]
[TimeControl "180+1"]
[EndTime "15:27:58 PST"]
[Termination "mightysmasher won by checkmate"]

1. e4 c5 2. c3 d5 3. exd5 Qxd5 4. d4 Nc6 5. Nf3 Bg4 6. Nbd2 e5 7.
Bc4 Qd6 8. d5 Nb8 9. Ne4 Qg6 10.
Ng3 Bd6 11. Bd3 f5 12. Qa4+ Nd7 13. Bb5 Nf6 14. Nh4 Qf7 15. Nhxf5 Bxf5 16. Nxf5 Qxd5 17. O-O Bf8 18. Rd1 Qe6 19. Bg5 O-O-O 20. Bxf6 Nxf6 21. Qxa7 Be7 22. Nxe7+ Qxe7 23. Bc6 Qc7 24. Bb5 b6 25. Ba6+ Qb7 26. Qa8+ Kc7 27. Qxb7# 1-0

[Event "Late-Titled-Tuesday-Blitz-January-16-2024"]
[Site "Chess.com"]
[Date "2024.01.16"]
[Round "8"]
[White "tptagain"]
[Black "GothamChess"]
[Result "1-0"]
[WhiteElo "2958"]
[BlackElo "2756"]
[TimeControl "180+1"]
[EndTime "15:27:59 PST"]
[Termination "tptagain won by resignation"]

1. Nf3 e6 2. d4 b6 3. Bg5 f6 4. Bf4 Bb7 5. e3 f5 6. Be2 Nf6 7. O-O Bd6 8. c4 O-O 9. Bxd6 cxd6 10.
d5 Na6 11. Nd4 Qe7 12. Nc3 g6 13. Rc1 Nc5 14. b4 Nce4 15. Nxe4 fxe4 16. Qb3 e5 17.
Nb5 Kh8 18. Qb1 a6 19. Nc3 b5 20. Nxe4 bxc4 21. Nxf6 Rxf6 22. Bxc4 e4 23. Qb2 Rf8 24. Bb3 Kg8 25. Rc7 Ba8 26. Ra7 Rf5 27. Qd2 Qf7 28.
Rxa6 Bxd5 29. Rxd6 Bxb3 30. axb3 Qxb3 31. Rxd7 Rb5 32.
Qd4 Rf7 33. Rd8+ Rf8 34. Rxf8+ Kxf8 35. Qd8+ 1-0

[Event "Late-Titled-Tuesday-Blitz-January-16-2024"]
[Site "Chess.com"]
[Date "2024.01.16"]
[Round "8"]
[White "Beca95"]
[Black "aceontheturn"]
[Result "1-0"]
[WhiteElo "2953"]
[BlackElo "2755"]
[TimeControl "180+1"]
[EndTime "15:27:59 PST"]
[Termination "Beca95 won on time"]

1. d4 Nf6 2. c4 e6 3. Nc3 d5 4. Nf3 Nbd7 5. Qc2 dxc4 6. e4 c5 7. dxc5 Bxc5 8. Bxc4 Qc7 9. O-O O-O 10. Qe2 Ne5 11.
Nxe5 Qxe5 12. Kh1 Rd8 13. f4 Qh5 14. Qxh5 Nxh5 15. e5 g6 16. Ne4 Be7 17. Be3 Bd7 18.
Rad1 Bc6 19. Nd6 Ng7 20. Kg1 Nf5 21. Nxf5 gxf5 22. Rxd8+ Rxd8 23. Kf2 Bd5 24. Rc1 a6 25.
Bxd5 Rxd5 26. Rc7 Bh4+ 27. g3 Bd8 28. Rxb7 Kg7 29. Ke2 a5 30. a4 h5 31. h4 Kf8 32. Rb5 Rd7 33. Bc5+ Ke8 34. Bd6 Ra7 35. Kd3 Kd7 36. Kc4 Ra6 37. Rb7+ 1-0

[Event "Late-Titled-Tuesday-Blitz-January-16-2024"]
[Site "Chess.com"]
[Date "2024.01.16"]
[Round "8"]
[White "AldokhinIvan"]
[Black "chika-lily"]
[Result "0-1"]
[WhiteElo "2584"]
[BlackElo "2762"]
[TimeControl "180+1"]
[EndTime "15:27:59 PST"]
[Termination "chika-lily won on time"]

1. e4 g6 2. d4 Bg7 3. Nc3 d6 4. Bg5 h6 5. Bh4 a6 6. Qd2 b5 7. f4 Bb7 8. e5 dxe5 9. fxe5 c5 10. dxc5 Qxd2+ 11. Kxd2 Bxe5 12. Re1 Bf4+ 13. Kd1 Nd7 14.
Nh3 Bc7 15. Bf2 Ngf6 16. Kc1 Rc8 17. Bd4 Kf8 18. Nf2 Bf4+ 19. Kb1 e5 20. Be3 Bxe3 21. Rxe3 Rxc5 22. Nd3 Rc8 23. Nxe5 Nxe5 24. Rxe5 Kg7 25.
Bd3 Rhe8 26. Rxe8 Rxe8 27. Rg1 Bxg2 28. a4 b4 29. Rxg2 bxc3 30. Bxa6 cxb2 31. Kxb2 Ne4 32. Bb5 Re7 33. c4 f5 34. a5 f4 35. Bc6 f3 36.
Rg1 Nd2 0-1

[Event "Late-Titled-Tuesday-Blitz-January-16-2024"]
[Site "Chess.com"]
[Date "2024.01.16"]
[Round "8"]
[White "chegueps"]
[Black "vidavi"]
[Result "1-0"]
[WhiteElo "2690"]
[BlackElo "2507"]
[TimeControl "180+1"]
[EndTime "15:27:59 PST"]
[Termination "chegueps won by resignation"]

1. e4 c5 2. Nf3 Nc6 3. Bb5 g6 4.
c3 Nf6 5. Qa4 Bg7 6. O-O O-O 7.
d4 cxd4 8. cxd4 Nxe4 9. d5 Nc5 10. Qa3 Qb6 11. Nc3 Nd4 12. Nxd4 Bxd4 13. d6 Bxc3 14.
Qxc3 Qxb5 15. Bh6 f6 16. dxe7 Re8 17. Qxf6 Ne6 18. Rae1 Qh5 19. Bd2 Qf5 20. Qh4 d6 21. Bc3 Bd7 22. Re3 Nf4 23. Qh6 Qf7 24. Rf3 Qxe7 25.
Rxf4 Bb5 26. Bf6 Qf7 27. Rd1 Be2 28. Rxd6 Bg4 29. h3 Re1+ 30. Kh2 Bf5 31. Rxf5 gxf5 32. Rd3 Qc7+ 33. Rg3+ Kf7 34. Qg7+ 1-0

[Event "Late-Titled-Tuesday-Blitz-January-16-2024"]
[Site "Chess.com"]
[Date "2024.01.16"]
[Round "8"]
[White "Rud_Makarian"]
[Black "Igor_Lysyj"]
[Result "1/2-1/2"]
[WhiteElo "3042"]
[BlackElo "2871"]
[TimeControl "180+1"]
[EndTime "15:28:02 PST"]
[Termination "Game drawn by repetition"]

1. c4 e6 2. Nf3 d5 3. d4 Nf6 4. g3 Be7 5. Bg2 O-O 6. O-O dxc4 7.
Qc2 a6 8. a4 Bd7 9. Qxc4 Bc6 10. Bg5 Bd5 11. Qc2 Be4 12. Qc1 Nc6 13. e3 Bb4 14.
Nc3 Bxc3 15. bxc3 h6 16. Nd2 Bxg2 17. Bxf6 Qxf6 18. Kxg2 Na5 19. Qb1 Qd8 20. Qe4 Qd5 21. Qxd5 exd5 22. Rab1 c6 23. Rb2 Rfc8 24. e4 dxe4 25.
Nxe4 b5 26. Ra1 Nc4 27. Rba2 a5 28. Nd2 Nxd2 29. Rxd2 Rab8 30. Rb2 bxa4 31. Rxb8 Rxb8 32. Rxa4 Rb3 33. Rc4 Rb6 34. Kf3 Kf8 35. Ke4 Ke7 36.
Ra4 Rb2 37. Rxa5 Rxf2 38. Ra7+ Ke6 39. Ra6 Kd7 40. Ra7+ Ke6 41. Ra6 Kd7 42. Ra7+ Ke6 1/2-1/2

[Event "Late-Titled-Tuesday-Blitz-January-16-2024"]
[Site "Chess.com"]
[Date "2024.01.16"]
[Round "8"]
[White "PushingpawnsNYC"]
[Black "campochess"]
[Result "0-1"]
[WhiteElo "2430"]
[BlackElo "2126"]
[TimeControl "180+1"]
[EndTime "15:28:05 PST"]
[Termination "campochess won on time"]

1. e4 c5 2. Nc3 Nc6 3. Bb5 e5 4. Bxc6 dxc6 5. d3 Bd6 6. Nge2 Ne7 7. O-O O-O 8. f4 f6 9. Ng3 exf4 10. Bxf4 Ng6 11.
Bxd6 Qxd6 12. Qd2 Be6 13. Rad1 Rad8 14. Kh1 Rd7 15. Qf2 Rfd8 16. b3 Qd4 17. Na4 Qxf2 18. Rxf2 b6 19. Rdf1 Ne5 20. h3 Re7 21. Nf5 Bxf5 22.
Rxf5 Nd7 23. g4 h6 24. Nc3 Ne5 25. Ne2 b5 26. Ng3 c4 27. bxc4 bxc4 28. dxc4 Rd4 29.
Rb1 Rxc4 30. Rb8+ Kf7 31. Rf2 Rd7 32. Nf5 Rxe4 33. Kg2 Ra4 34. Rc8 Rxa2 35. c4 Rxf2+ 36. Kxf2 Rd3 37. c5 g6 38. Rc7+ Kf8 39. Nxh6 Rxh3 40. g5 fxg5 0-1

[Event "Late-Titled-Tuesday-Blitz-January-16-2024"]
[Site "Chess.com"]
[Date "2024.01.16"]
[Round "8"]
[White "laskakid"]
[Black "vova-79"]
[Result "1/2-1/2"]
[WhiteElo "2320"]
[BlackElo "2577"]
[TimeControl "180+1"]
[EndTime "15:28:07 PST"]
[Termination "Game drawn by repetition"]

1. d4 d5 2. c4 c6 3. cxd5 cxd5 4.
Bf4 Nf6 5. e3 Nc6 6. Nc3 Bf5 7.
Qb3 Na5 8. Qa4+ Bd7 9. Qc2 Rc8 10. Bd3 e6 11. Nf3 Bb4 12. O-O O-O 13. Ne5 a6 14.
Bg5 h6 15. Bh4 Bxc3 16. bxc3 Bb5 17. Bxb5 axb5 18. Bxf6 gxf6 19. Ng4 Kg7 20. f4 b4 21. Qf2 f5 22. cxb4 Nc6 23. Ne5 Nxb4 24. Rab1 Nc6 25. Rxb7 Nxe5 26. fxe5 Rc7 27. Rxc7 Qxc7 28. Qh4 Qc3 29. Qf6+ Kh7 30. Qe7 Qxe3+ 31. Kh1 Kg8 32. Qc5 Qe2 33. Rg1 Qxa2 34. g4 f4 35. g5 Qe2 36.
gxh6+ Kh7 37. Qxf8 Qf3+ 38. Rg2 Qf1+ 39. Rg1 Qf3+ 40.
Rg2 Qf1+ 41. Rg1 Qf3+ 1/2-1/2

[Event "Late-Titled-Tuesday-Blitz-January-16-2024"]
[Site "Chess.com"]
[Date "2024.01.16"]
[Round "8"]
[White "GHANDEEVAM2003"]
[Black "VladimirKramnik"]
[Result "1-0"]
[WhiteElo "3017"]
[BlackElo "2923"]
[TimeControl "180+1"]
[EndTime "15:28:08 PST"]
[Termination "GHANDEEVAM2003 won by resignation"]

1. c4 e6 2. Nf3 Nf6 3. Nc3 c5 4. e3 d5 5. cxd5 exd5 6. d4 Nc6 7. Bb5 cxd4 8. exd4 Bd6 9. O-O O-O 10. h3 h6 11. Re1 Re8 12. Be3 Bf5 13. Rc1 Rc8 14. Qa4 a6 15. Bf1 Bb8 16. a3 Qd6 17. Ne2 Qd7 18.
Nf4 Ne5 19. Qxd7 Nxf3+ 20. gxf3 Bxd7 21. Nd3 Bb5 22. Nc5 Bxf1 23. Kxf1 Re7 24. Bd2 Rxe1+ 25. Rxe1 Ba7 26. Re7 Bxc5 27. dxc5 Rxc5 28. Rxb7 d4 29.
Ke2 Rh5 30. Ra7 Rxh3 31. Rxa6 h5 32. Rd6 Rh1 33. Bg5 Rb1 34. b4 Rb2+ 35. Kf1 Rb3 36. Ra6 Rxf3 37. Bxf6 gxf6 38. b5 Rb3 39. a4 h4 40. Rd6 h3 41. Kg1 Rb4 42. b6 Kg7 43. a5 Kg6 44. a6 d3 45. a7 Rg4+ 46. Kh2 Ra4 47. b7 1-0

[Event "Late-Titled-Tuesday-Blitz-January-16-2024"]
[Site "Chess.com"]
[Date "2024.01.16"]
[Round "8"]
[White "Pachonpower"]
[Black "PNEPaul"]
[Result "1-0"]
[WhiteElo "2249"]
[BlackElo "1912"]
[TimeControl "180+1"]
[EndTime "15:28:10 PST"]
[Termination "Pachonpower won on time"]

1. e4 e5 2. Nf3 Nc6 3. Bc4 Be7 4. O-O Nf6 5. d4 Nxe4 6. dxe5 Nc5 7. Nc3 Ne6 8. Nd5 O-O 9. Re1 h6 10. a3 d6 11. exd6 Bxd6 12. b4 a6 13. Bb2 Ng5 14.
Nxg5 Qxg5 15. f4 Bxf4 16. Nxf4 Qxf4 17. Bd3 Bf5 18. Rf1 Qe3+ 19. Kh1 Bxd3 20. cxd3 Nd4 21.
Qg4 Rad8 22. Rac1 f5 23. Qh4 Rd7 24. Rfe1 Qg5 25. Qf2 Nc6 26. d4 f4 27. Rcd1 f3 28. gxf3 Rdf7 29. Rg1 Qf4 30. d5 Ne5 31. Qd4 Qxf3+ 32.
Rg2 1-0

[Event "Late-Titled-Tuesday-Blitz-January-16-2024"]
[Site "Chess.com"]
[Date "2024.01.16"]
[Round "8"]
[White "giomar27"]
[Black "dasatcu90"]
[Result "1/2-1/2"]
[WhiteElo "2385"]
[BlackElo "2268"]
[TimeControl "180+1"]
[EndTime "15:28:11 PST"]
[Termination "Game drawn - insufficient material"]

1. Nc3 d5 2. d4 Nf6 3. Bf4 c6 4. e3 g6 5. h4 Bg7 6. Nf3 Bg4 7. Be2 Nbd7 8. Ne5 Bxe2 9. Qxe2 h5 10. O-O-O Nxe5 11. Bxe5 Qd7 12. e4 O-O 13. Bxf6 exf6 14. f3 Rfe8 15. Kb1 b5 16. Qd3 b4 17. Na4 f5 18.
Nc5 fxe4 19. fxe4 dxe4 20. Nxe4 Rad8 21. Qf3 Qd5 22. Rhe1 f5 23. Ng5 Qxf3 24. Nxf3 Rxe1 25.
Nxe1 Bxd4 26. Nd3 Bf6 27. Re1 Kf7 28. Nxb4 Bxh4 29. Nxc6 Bxe1 30. Nxd8+ Kf6 31. c4 g5 32. Kc2 Bg3 33. Kd3 g4 34. b4 h4 35. Ke2 a6 36.
a4 Ke7 37. Nc6+ Kd6 38. Nd4 Ke5 39. Nc2 Ke4 40. c5 Bc7 41. b5 axb5 42. axb5 Kd5 43. b6 Be5 44. Nb4+ Kxc5 45. Nd3+ Kxb6 46. Nxe5 h3 47.
gxh3 gxh3 48. Kf3 Kc5 49. Kg3 Kd5 50. Nf3 Ke4 51. Nh2 f4+ 52. Kxh3 Ke3 53. Kg4 f3 54. Nxf3 1/2-1/2

[Event "Late-Titled-Tuesday-Blitz-January-16-2024"]
[Site "Chess.com"]
[Date "2024.01.16"]
[Round "8"]
[White "GMKrikor"]
[Black "Hrant_ChessMood"]
[Result "0-1"]
[WhiteElo "2740"]
[BlackElo "2908"]
[TimeControl "180+1"]
[EndTime "15:28:14 PST"]
[Termination "Hrant_ChessMood won by resignation"]

1. Nf3 c5 2. c4 g6 3. e4 Nc6 4. d4 cxd4 5. Nxd4 Nf6 6. Nc3 d6 7. Nc2 Bg7 8. Be2 O-O 9. Be3 a5 10. O-O a4 11. f4 Qa5 12. Kh1 Be6 13. Rb1 Nd7 14. Bd2 Nc5 15. Nd5 Qd8 16. Bf3 Bxd5 17. exd5 Nd4 18. Nxd4 Bxd4 19. Qc2 Qc7 20. Rfe1 Rfc8 21.
b4 axb3 22. axb3 Ra3 23. f5 Rca8 24. fxg6 hxg6 25. Bg5 Bf6 26. Bxf6 exf6 27. Qc3 Kg7 28. h3 Qd8 29. Re3 Nd7 30. Qb4 Ne5 31. Be2 Ra1 32.
Rxa1 Rxa1+ 33. Kh2 Qc7 34. Qc3 Ra3 35. Qb4 Ra2 36. Qc3 b6 37. b4 Qa7 38. Qd4 Rc2 39. Qe4 Qa2 40. Kg3 f5 0-1

[Event "Late-Titled-Tuesday-Blitz-January-16-2024"]
[Site "Chess.com"]
[Date "2024.01.16"]
[Round "8"]
[White "KNVB"]
[Black "dmitrijiIM"]
[Result "0-1"]
[WhiteElo "2708"]
[BlackElo "2884"]
[TimeControl "180+1"]
[EndTime "15:28:15 PST"]
[Termination "dmitrijiIM won on time"]

1. d4 Nf6 2. Bf4 e6 3. e3 d5 4. Nf3 c5 5. c3 Nc6 6. Nbd2 cxd4 7. exd4 Nh5 8. Be3 Bd6 9. g3 O-O 10. Bd3 f5 11. Ne5 Nf6 12. Ndf3 Qc7 13. Bf4 Ne4 14. Qe2 Bd7 15. O-O Be8 16. Nxc6 Bxf4 17. Nce5 Bh6 18.
Nh4 Bg5 19. Ng2 Rb8 20. Bb5 Bxb5 21. Qxb5 Bf6 22. Nd7 a6 23. Qa4 b5 24. Nxf6+ Rxf6 25.
Qxa6 Nd2 26. Rfd1 Nf3+ 27. Kf1 Qc4+ 0-1

[Event "Late-Titled-Tuesday-Blitz-January-16-2024"]
[Site "Chess.com"]
[Date "2024.01.16"]
[Round "8"]
[White "Korchmar_Vasiliy"]
[Black "HaryKane"]
[Result "0-1"]
[WhiteElo "2714"]
[BlackElo "2570"]
[TimeControl "180+1"]
[EndTime "15:28:17 PST"]
[Termination "HaryKane won on time"]

1. Nf3 Nf6 2. g3 g6 3. Bg2 Bg7 4. O-O c5 5. d3 O-O 6. e4 Nc6 7. Re1 d6 8. c3 Bg4 9. h3 Bxf3 10.
Bxf3 Nd7 11. Bg2 Qc7 12. Na3 a6 13. h4 b5 14. h5 Nb6 15. h6 Bh8 16. Nc2 a5 17. d4 b4 18. dxc5 dxc5 19. Bf4 Be5 20. Qg4 Bxf4 21. gxf4 Rad8 22. Ne3 bxc3 23. bxc3 Rd3 24.
Nd5 Nxd5 25. exd5 Na7 26. Qg5 f6 27. Qg4 f5 28. Qg5 Rf6 29. Rab1 Nc8 30. c4 Rd4 31. Qxf6 exf6 32. Re8+ Kf7 33. Rh8 Ne7 34. Rxh7+ Ke8 35. Re1 Rxf4 36. Re6 Rd4 0-1

[Event "Late-Titled-Tuesday-Blitz-January-16-2024"]
[Site "Chess.com"]
[Date "2024.01.16"]
[Round "8"]
[White "ToddBryant"]
[Black "Rdeux42"]
[Result "0-1"]
[WhiteElo "2298"]
[BlackElo "2462"]
[TimeControl "180+1"]
[EndTime "15:28:18 PST"]
[Termination "Rdeux42 won by checkmate"]

1. e4 e6 2. d4 d5 3. e5 c5 4. c3 cxd4 5. cxd4 Nc6 6. Nf3 Nh6 7. Bxh6 gxh6 8. Nc3 Bd7 9. Bd3 Qb6 10. Ne2 Bb4+ 11. Kf1 O-O-O 12. a3 Be7 13. b4 Kb8 14. g3 f6 15. b5 Na5 16. exf6 Bxf6 17. Kg2 Rhf8 18. Rb1 h5 19. Qd2 h4 20. Qf4+ Ka8 21. Nxh4 e5 22.
Qh6 e4 23. Bc2 Bxd4 24. Qxb6 Rxf2+ 25. Kg1 Bxb6 26. Bd1 Bh3 27. Ba4 Rf1# 0-1

[Event "Late-Titled-Tuesday-Blitz-January-16-2024"]
[Site "Chess.com"]
[Date "2024.01.16"]
[Round "8"]
[White "SanchezKelvin"]
[Black "Felix-Rose"]
[Result "1-0"]
[WhiteElo "2554"]
[BlackElo "2241"]
[TimeControl "180+1"]
[EndTime "15:28:20 PST"]
[Termination "SanchezKelvin won by resignation"]

1. e4 e5 2. Nf3 Nc6 3. Bc4 Nf6 4. d3 Bc5 5. h3 d6 6. Nc3 h6 7. Be3 Bb6 8. Bb3 Ne7 9. d4 Ng6 10. dxe5 Nxe5 11. Nxe5 dxe5 12. Qxd8+ Kxd8 13. Bxb6 axb6 14. Bxf7 b5 15. Nxb5 Nxe4 16. Bg6 Nf6 17. O-O-O+ Bd7 18. a3 c6 19. Nd6 Kc7 20. Nc4 e4 21. Rhe1 Rhf8 22.
Bxe4 Nxe4 23. Rxe4 b5 24. Rxd7+ Kxd7 25. Nb6+ Kd6 26. Nxa8 Rxa8 27. f4 c5 28. g4 g6 29.
Kd2 Rf8 30. Ke3 h5 31. Kf3 hxg4+ 32. hxg4 Rh8 33. Re2 Rh3+ 34. Ke4 Rg3 35. g5 Rh3 36. Rd2+ Kc6 37. Ke5 Rf3 38. Rd6+ Kc7 39. Rxg6 Rf2 40.
Rh6 Rxc2 41. g6 Rxb2 42. g7 Rg2 43. Kf6 c4 44. Rg6 Rf2 45. g8=Q Rxf4+ 46. Ke5 Rf1 47. Qh7+ 1-0

[Event "Late-Titled-Tuesday-Blitz-January-16-2024"]
[Site "Chess.com"]
[Date "2024.01.16"]
[Round "8"]
[White "LikeWater"]
[Black "NikoTheodorou"]
[Result "0-1"]
[WhiteElo "2795"]
[BlackElo "3068"]
[TimeControl "180+1"]
[EndTime "15:28:25 PST"]
[Termination "NikoTheodorou won by resignation"]

1. g3 b6 2. Bg2 d5 3. c4 e6 4. Nc3 Nf6 5. d4 Bb7 6. Bg5 Be7 7. cxd5 Nxd5 8. Bxe7 Qxe7 9. Nxd5 Bxd5 10. e4 Qb4+ 11.
Qd2 Qxd2+ 12. Kxd2 Bb7 13. Rc1 Na6 14. Ne2 O-O-O 15. Ke3 Kb8 16. g4 Rd7 17. a3 f5 18.
f3 Re8 19. b4 c6 20. gxf5 exf5 21. Kf2 fxe4 22. fxe4 Nc7 23. e5 Nb5 24. Bxc6 Bxc6 25.
Rxc6 Nxd4 26. Nxd4 Rxd4 27. e6 Kb7 28. Rhc1 Re7 29.
b5 Rh4 30. Kg3 Re4 31. Rf1 a6 32. Rf7 Rxe6 33. Rxe6 Rxf7 34. bxa6+ Kxa6 35. Re5 Rc7 36. Kg4 Rc4+ 37. Kg5 Rc5 38. Kf5 Rxe5+ 39. Kxe5 Ka5 40. Kd5 Ka4 41. Kc6 b5 42. Kc5 g5 0-1

[Event "Late-Titled-Tuesday-Blitz-January-16-2024"]
[Site "Chess.com"]
[Date "2024.01.16"]
[Round "8"]
[White "TigrVShlyape"]
[Black "mr_gustavo"]
[Result "1-0"]
[WhiteElo "2945"]
[BlackElo "2748"]
[TimeControl "180+1"]
[EndTime "15:28:25 PST"]
[Termination "TigrVShlyape won by resignation"]

1. e4 c5 2. Nf3 d6 3. d4 cxd4 4.
Nxd4 Nf6 5. Nc3 Nc6 6. Be2 e5 7.
Nf3 Be7 8. O-O O-O 9. Re1 h6 10. Bf1 Be6 11. Nd5 Bxd5 12. exd5 Nb4 13. c4 a5 14. Nd2 Rc8 15. a3 Na6 16. Nb1 Ne8 17.
Nc3 Bg5 18. Rb1 Bxc1 19. Qxc1 f5 20. b4 axb4 21. axb4 Nf6 22. Qd2 Kh8 23. h3 Nb8 24. c5 dxc5 25. bxc5 Rxc5 26. Rxe5 Qc8 27. Nb5 Ne4 28.
Qd4 Rc1 29. Re7 Rg8 30. Rxc1 Qxc1 31. Rc7 Qf4 32. Rxb7 Qc1 33. Rc7 Qb1 34. d6 Na6 35.
Rc4 Nb8 36. Nc3 Qe1 37. Nxe4 fxe4 38. d7 Nxd7 39. Qxd7 e3 40. fxe3 Qxe3+ 41. Kh2 Rf8 42.
Qd3 Qf2 43. Be2 Re8 44. Bf3 Qe1 45. Qc3 Qf2 46. Rc7 Rg8 47. Rc6 Re8 48. Rxh6+ Kg8 49. Bd5+ Kf8 50. Qb4+ 1-0

[Event "Late-Titled-Tuesday-Blitz-January-16-2024"]
[Site "Chess.com"]
[Date "2024.01.16"]
[Round "8"]
[White "PepeCuenca"]
[Black "guillembaches"]
[Result "1-0"]
[WhiteElo "2687"]
[BlackElo "2534"]
[TimeControl "180+1"]
[EndTime "15:28:26 PST"]
[Termination "PepeCuenca won on time"]

1. d4 d5 2. Bf4 e6 3. e3 Nf6 4.
Nf3 c5 5. c3 Nc6 6. Nbd2 cxd4 7. exd4 Nh5 8. Be3 Bd6 9. Bd3 Nf4 10. Bxf4 Bxf4 11. O-O O-O 12. Re1 g6 13. a4 Bh6 14. b4 Bg7 15. a5 Bd7 16. Nb3 Rc8 17.
Qd2 Ne7 18. Ne5 Be8 19. h3 Qc7 20. Rac1 f6 21. Nf3 Bf7 22. c4 dxc4 23. Bxc4 Qd6 24.
Nc5 Nd5 25. Nxb7 Qxb4 26. Qxb4 Nxb4 27. Nd6 Rcd8 28. Nxf7 Kxf7 29. Bxe6+ Ke7 30. Bg8+ Kd6 31. Bxh7 Nd3 32. Bxg6 Nxc1 33. Rxc1 Rc8 34. Re1 f5 35. Nh4 Bxd4 36. Nxf5+ Kc5 37. Rc1+ Kd5 38. Rxc8 Rxc8 39. Ne7+ Ke5 40. Nxc8 1-0

[Event "Late-Titled-Tuesday-Blitz-January-16-2024"]
[Site "Chess.com"]
[Date "2024.01.16"]
[Round "8"]
[White "TheMagician"]
[Black "mbchess97"]
[Result "1-0"]
[WhiteElo "2174"]
[BlackElo "2323"]
[TimeControl "180+1"]
[EndTime "15:28:29 PST"]
[Termination "TheMagician won on time"]

1. e4 c5 2. Nf3 d6 3. d4 cxd4 4. Nxd4 Nf6 5. f3 Nc6 6. c4 g6 7.
Nc3 Bg7 8. Be3 Bd7 9. Qd2 a6 10. Rc1 Rc8 11. Be2 Ne5 12. b3 O-O 13. O-O Qa5 14.
Bg5 Qb4 15. Rfd1 b5 16. cxb5 axb5 17. Ncxb5 Qxd2 18. Bxd2 d5 19. f4 Nc6 20. e5 Ne4 21. Nxc6 Bxc6 22. Nd4 Bd7 23. Be3 Nc3 24. Rd2 Nxe2+ 25.
Nxe2 Bb5 26. Rxc8 Rxc8 27. Nd4 Bd7 28. Rc2 Ra8 29. a4 e6 30. Rc7 Be8 31. Nc6 Bf8 32. Ne7+ Kg7 33. Bc5 Rb8 34. b4 Bxa4 35. Nc8 Bxc5+ 36.
bxc5 Bd7 37. Nb6 Be8 38. Kf2 Kf8 39. Ke3 Rd8 40. Kd4 h5 41. c6 Rb8 42. Kc5 d4 43.
Nd7+ Bxd7 44. Rxd7 1-0

[Event "Late-Titled-Tuesday-Blitz-January-16-2024"]
[Site "Chess.com"]
[Date "2024.01.16"]
[Round "8"]
[White "Njal28"]
[Black "Byniolus"]
[Result "1-0"]
[WhiteElo "3015"]
[BlackElo "2760"]
[TimeControl "180+1"]
[EndTime "15:28:31 PST"]
[Termination "Njal28 won by checkmate"]

1. b3 d5 2. Bb2 Nf6 3. Nf3 Bf5 4. Nh4 Bg6 5. Nxg6 hxg6 6. g3 e6 7. Bg2 c6 8. d3 Nbd7 9. Nd2 Bd6 10. e3 Be5 11. d4 Bd6 12. c4 Qe7 13. O-O Ba3 14. Bc3 Bb4 15. Bb2 Ba3 16. Qc1 Bxb2 17. Qxb2 O-O 18. b4 a6 19. a4 e5 20. cxd5 Nxd5 21.
b5 exd4 22. Qxd4 Nb4 23. bxc6 bxc6 24. Rab1 c5 25. Qc3 Rab8 26. Nc4 Nb6 27. Nxb6 Rxb6 28. Qc4 Rc8 29. Rfd1 a5 30. Bf3 Qe6 31. Qh4 Qf6 32.
Qg4 Rd8 33. Rxd8+ Qxd8 34. Rc1 Nd3 35. Rd1 Rd6 36. Be2 Ne5 37. Rxd6 Qxd6 38. Qe4 Kh7 39. Qf4 Qf6 40. Qe4 Qd6 41. h3 f5 42. Qh4+ Kg8 43. Qf4 Qf6 44. e4 fxe4 45. Qxe4 Kh7 46. Qd5 c4 47.
Bxc4 Nf3+ 48. Kg2 Ne1+ 49. Kf1 Nc2 50. Qg8+ Kh6 51. Qh8+ Kg5 52. Qh4+ Kf5 53. Qf4# 1-0

[Event "Late-Titled-Tuesday-Blitz-January-16-2024"]
[Site "Chess.com"]
[Date "2024.01.16"]
[Round "8"]
[White "Grischuk"]
[Black "DavidGavrilescu18"]
[Result "1-0"]
[WhiteElo "3065"]
[BlackElo "2788"]
[TimeControl "180+1"]
[EndTime "15:28:32 PST"]
[Termination "Grischuk won by resignation"]

1. d4 d5 2. c4 e6 3. Nc3 Nf6 4. Bg5 dxc4 5. e4 h6 6. Bxf6 Qxf6 7. Bxc4 c5 8. d5 a6 9. a4 Nd7 10. dxe6 fxe6 11. Nf3 Be7 12. Qe2 Ne5 13. Nxe5 Qxe5 14. g3 O-O 15. f4 Qb8 16. O-O Kh8 17. e5 Bd7 18. Rad1 Qe8 19. a5 Rd8 20. Ne4 Ba4 21. b3 Bc6 22. Bxe6 Rxd1 23. Rxd1 Bd8 24. Bd5 Bxa5 25. Nd6 Qd7 26. Bxc6 bxc6 27. e6 Qe7 28. Kf1 Bc3 29. Nf7+ Kg8 30. Rd7 Qf6 31. Nd6 Qd4 32.
e7 Re8 33. Nxe8 Qxd7 34. Nf6+ 1-0

[Event "Late-Titled-Tuesday-Blitz-January-16-2024"]
[Site "Chess.com"]
[Date "2024.01.16"]
[Round "8"]
[White "mbojan"]
[Black "MKlose11"]
[Result "1-0"]
[WhiteElo "2865"]
[BlackElo "2648"]
[TimeControl "180+1"]
[EndTime "15:28:32 PST"]
[Termination "mbojan won by resignation"]

1. e4 e6 2. d4 d5 3. Nc3 Bb4 4.
e5 Ne7 5. a3 Bxc3+ 6. bxc3 b6 7. f4 Ba6 8. Bxa6 Nxa6 9. Qd3 Nb8 10. Nf3 Nbc6 11. O-O Na5 12. Be3 Qd7 13. Bf2 O-O-O 14.
a4 Nc4 15. a5 Nc6 16. a6 h6 17. Bh4 Rdg8 18. Kh1 N6a5 19. Rfb1 Kb8 20. Be1 g5 21. Bd2 g4 22. Nh4 Nc6 23. Rf1 Ne7 24. f5 Nxd2 25.
Qxd2 Nxf5 26. Nxf5 exf5 27. Rf4 Rg5 28. Raf1 Rhg8 29.
Qd3 Qa4 30. g3 h5 31. Rxf5 Rxf5 32. Rxf5 h4 33. gxh4 Rh8 34. Rxf7 Qe8 35. Qf5 Qc8 36. e6 Qxa6 37. Rf8+ Rxf8 38. Qxf8+ Kb7 39. e7 Qa1+ 40. Kg2 Qxc3 41. e8=Q Qxc2+ 42. Qf2 Qe4+ 43. Qxe4 dxe4 44. Qe3 1-0